 Dungeon Crawl Stone Soup version 0.25.1-2-g60ff931df9 (webtiles) character file.

Game seed: 15407412669650567393

6744 sking75 the Grappler (level 11, 0/58 HPs)
             Began as a Vine Stalker Fighter on Aug 4, 2020.
             Was a Believer of Uskayaw.
             Killed from afar by Fannar (12 damage)
             ... with a bolt of cold
             ... on level 10 of the Dungeon.
             The game lasted 00:15:59 (8133 turns).

sking75 the Grappler (Vine Stalker Fighter)         Turns: 8133, Time: 00:16:00

Health: 0/58       AC: 15    Str: 22    XL:     11   Next: 4%
Magic:  0/16       EV:  5    Int:  8    God:    Uskayaw [**....]
Gold:   831        SH: 12    Dex: 14    Spells: 10/10 levels left

rFire    + . .     SeeInvis .     - Unarmed
rCold    . . .     Gourm    .   b - +1 kite shield
rNeg     . . .     Faith    .   u - +0 plate armour
rPois    +         Spirit   +   (no helmet)
rElec    .         Reflect  .   G - +0 cloak (curse)
rCorr    .         Harm     .   J - +0 pair of gloves
MR       +....                  (no boots)
Stlth    ..........             (no amulet)
HPRegen  0.59/turn              e - ring of protection from fire
MPRegen  0.15/turn              f - ring of poison resistance

@: no status effects
A: fangs 3, regeneration 1, magic shield, antimagic bite, no potion heal 3, rot
immunity
a: Stomp, Line Pass, Renounce Religion


You were on level 10 of the Dungeon.
You worshipped Uskayaw.
Uskayaw was noncommittal.
You were hungry.

You visited 1 branch of the dungeon, and saw 10 of its levels.
You also visited: Ossuary.

You collected 831 gold pieces.

Inventory:

Armour
 b - a +1 kite shield (worn)
 u - a +0 plate armour (worn)
 G - a cursed +0 cloak (worn)
 J - a +0 pair of gloves (worn)
Jewellery
 e - a ring of protection from fire (left hand)
 f - a ring of poison resistance (right hand)
 n - an uncursed ring of resist corrosion
 w - an uncursed ring of magical power
 x - the ring of Spite {+Fly MR+ MP-9 Int+6}
   (You found it on level 5 of the Dungeon)

   [ring of intelligence]

   It affects your intelligence (+6).
   It affects your resistance to hostile enchantments.
   It affects your magic capacity (-9).
   It lets you fly.
 E - an uncursed ring of positive energy
Wands
 v - a wand of disintegration (19)
 z - a wand of digging (4)
 C - a wand of polymorph (12)
 D - a wand of iceblast (5)
 F - a wand of flame (17)
Scrolls
 a - a scroll of identify
 h - 2 scrolls of fog
 m - 3 scrolls of enchant armour
 o - 5 scrolls of teleportation
 p - 2 scrolls of remove curse
 r - a scroll of amnesia
 s - a scroll of enchant weapon {unknown}
 y - a scroll of magic mapping {unknown}
 A - 3 scrolls of blinking
 H - a scroll of summoning {unknown}
 I - a scroll of fear {unknown}
 L - a scroll of immolation {unknown}
Potions
 c - 4 potions of might
 g - 3 potions of lignification
 i - 3 potions of cancellation
 j - 3 potions of flight
 k - 4 potions of brilliance
 l - 5 potions of curing
 q - 5 potions of heal wounds
 t - 2 potions of haste
 B - a potion of invisibility
 K - a potion of mutation
 M - a potion of stabbing
Comestibles
 d - 16 rations
 N - 4 chunks of flesh


   Skills:
 + Level 6.7 Fighting
 + Level 6.2 Armour
 + Level 6.7 Shields
 * Level 9.9 Unarmed Combat
 + Level 6.4 Invocations


You had 10 spell levels left.
You didn't know any spells.
Your spell library contained the following spells:

 Spells                   Type           Power        Failure   Level  Hunger
 Animate Skeleton         Necr           N/A          100%        1    ##.....
 Apportation              Tloc           #.....       100%        1    ##.....
 Corona                   Hex            #......      100%        1    ##.....
 Summon Small Mammal      Summ           #...         100%        1    ##.....
 Passwall                 Tmut/Erth      #.......     100%        2    ###....
 Ignite Poison            Fire/Tmut/Pois #.......     100%        3    ####...
 Agony                    Necr           #.......     100%        5    ######.
 Blade Hands              Tmut           #.........   100%        5    ######.
 Borgnjor's Vile Clutch   Necr/Erth      #.........   100%        5    ######.


Dungeon Overview and Level Annotations

Branches:
Dungeon (10/15)            Temple (0/1) D:7         Ossuary (visited)
   Lair: D:8-11         Orc: D:9-12

Altars:
Cheibriados
Dithmenos
Gozag
Hepliaklqana
Kikubaaqudgha
Makhleb
Qazlal
Ru
Uskayaw
Vehumet
Xom

Annotations:
D:5 3 runed translucent doors, farkougg's ghost, weakling SpEn
D:10 Fannar


Innate Abilities, Weirdness & Mutations

You have razor-sharp teeth.
Your natural rate of healing is unusually fast.
When hurt, damage is shared between your health and your magic reserves.
Your bite disrupts and absorbs the magic of your enemies.
Potions cannot restore your health.
You are immune to rotting.


Message History

Fannar is lightly wounded.
Fannar falters for a moment.
The ogre hits you with a +0 giant spiked club.
You hit Fannar. Your bite misses Fannar.
Fannar is lightly wounded.
Fannar hits you with an uncursed staff of cold.
Fannar freezes you!
You punch Fannar! Your bite misses Fannar.
Fannar is moderately wounded.
You are feeling hungry.
The ogre barely misses you.
You can now pass through a line of other dancers.
You miss Fannar.
Fannar is moderately wounded.
Fannar hits you but does no damage. Fannar freezes you!
The ogre hits you with a +0 giant spiked club!!
* * * LOW HITPOINT WARNING * * *
Fannar gestures at you while chanting. The bolt of cold hits you!
You die...

...#.# #. .# )..#.# .#
##.#### #<##.# .. ......
#)##.######.#.##....
#.##......... .....
......#####.. ...#
#............ #..#
#.##..##########..#
#.##............@.#
#.##..##########..###..
#.##..#........e........
...#..#......J.O..######
.. #..#.......$...#
#..#........./.....
...............#### ...
.........#.#
............


You could see Fannar (icy armour) and an ogre.

Vanquished Creatures
  2 two-headed ogres (D:9)
  Maggie (D:6)
  A gargoyle (D:10)
  A troll (D:9)
  Sigmund (D:6)
  A wraith (D:9)
  A hungry ghost (D:8)
  Duvessa (D:6)
  A water moccasin (D:7)
  3 orc warriors
  3 ice beasts
  A necrophage (D:8)
  4 ogres
  A phantom (D:9)
  A black bear (D:8)
  6 bullfrogs
  2 big kobolds (D:9)
  A gnoll sergeant (D:9)
  Dowan (D:6)
  A wyvern skeleton (D:6)
  3 scorpions
  5 howler monkeys
  4 crimson imps
  3 bullfrog zombies
  2 centaur zombies (D:4)
  A quasit (D:8)
  5 hounds
  2 jellies
  Crazy Yiuf (D:6)
  2 bullfrog skeletons
  5 orc priests
  A centaur skeleton (D:7)
  4 iguanas
  10 orc wizards
  8 worker ants
  2 big kobold zombies (Ossuary)
  2 hound zombies (D:4)
  8 mummies (Ossuary)
  A howler monkey zombie (D:9)
  2 worker ant zombies
  A howler monkey skeleton (D:6)
  5 gnolls (D:9)
  9 adders
  2 shadow imps (D:6)
  An ooze (D:3)
  2 adder zombies
  An adder skeleton (D:4)
  2 worms
  2 dart slugs (D:1)
  5 leopard geckos
  26 orcs
  8 bats
  4 giant cockroaches
  2 gnoll zombies (Ossuary)
  4 goblins
  14 hobgoblins
  2 jackals (D:3)
  16 kobolds
  4 quokkas
  4 ball pythons
  5 frilled lizards
  2 hobgoblin zombies (Ossuary)
  A jackal zombie (D:8)
  A kobold zombie (Ossuary)
  A leopard gecko skeleton (D:3)
  An orc zombie (Ossuary)
  3 quokka zombies (D:4)
  12 rats
245 creatures vanquished.

Vanquished Creatures (others)
  A human (D:9)
1 creature vanquished.

Grand Total: 246 creatures vanquished

Notes
Turn   | Place    | Note
-------+----------+-------------------------------------------
     0 | D:1      | sking75 the Vine Stalker Fighter began the quest for the
                  | Orb.
     0 | D:1      | Reached XP level 1. HP: 11/11 MP: 2/2
    53 | D:1      | Reached XP level 2. HP: 16/16 MP: 3/3
   433 | D:1      | Reached XP level 3. HP: 19/19 MP: 4/4
   828 | D:2      | Found a hide-covered altar of Uskayaw.
   841 | D:2      | Reached skill level 3 in Unarmed Combat
   889 | D:2      | Became a worshipper of Uskayaw the Reveler
  1024 | D:2      | Reached * piety under Uskayaw
  1032 | D:2      | Gained mutation: Your natural rate of healing is unusually
                  | fast. [Vine Stalker growth]
  1032 | D:2      | Reached XP level 4. HP: 14/24 MP: 3/5
  1032 | D:2      | Reached ** piety under Uskayaw
  1343 | D:2      | Found a hazy altar of Hepliaklqana.
  1581 | D:3      | Noticed an ogre
  1635 | D:3      | Reached *** piety under Uskayaw
  1636 | D:3      | Killed an ogre
  1636 | D:3      | Reached skill level 1 in Invocations
  1636 | D:3      | Reached XP level 5. HP: 7/28 MP: 6/6
  1750 | D:3      | Found a burning altar of Makhleb.
  2162 | D:3      | Reached XP level 6. HP: 32/32 MP: 8/8
  2212 | D:3      | Reached skill level 4 in Unarmed Combat
  2405 | D:4      | Reached **** piety under Uskayaw
  2700 | D:4      | Reached XP level 7. HP: 33/37 MP: 9/9
  2977 | D:4      | Reached skill level 5 in Unarmed Combat
  2994 | D:4      | Identified the Tome of Sinister Transformation
  3287 | D:5      | Entered Level 5 of the Dungeon
  3316 | D:5      | Found a radiant altar of Vehumet.
  3324 | D:5      | Found a snail-covered altar of Cheibriados.
  3332 | D:5      | Got a pitted jade ring
  3448 | D:5      | Found a runed translucent gate.
  3448 | D:5      | Found a runed translucent gate.
  3448 | D:5      | Found a runed translucent gate.
  3449 | D:5      | Found an opulent altar of Gozag.
  3450 | D:5      | Noticed farkougg's ghost (weakling SpEn)
  3683 | D:5      | Identified the ring of Spite {+Fly MR+ MP-9 Int+6} (You
                  | found it on level 5 of the Dungeon)
  4123 | D:6      | Found a shimmering altar of Xom.
  4258 | D:6      | Noticed Sigmund
  4272 | D:6      | Killed Sigmund
  4272 | D:6      | Gained mutation: You have razor-sharp teeth. [Vine Stalker
                  | growth]
  4272 | D:6      | Reached XP level 8. HP: 39/42 MP: 2/11
  4416 | D:6      | Reached skill level 6 in Unarmed Combat
  4488 | D:6      | Noticed Maggie
  4501 | D:6      | Killed Maggie
  4623 | D:6      | Found a runed translucent door.
  4624 | D:6      | Noticed Crazy Yiuf
  4688 | D:6      | Reached XP level 9. HP: 44/46 MP: 11/13
  5038 | D:6      | Reached skill level 5 in Fighting
  5038 | D:6      | Reached skill level 5 in Shields
  5139 | D:6      | Noticed Dowan
  5140 | D:6      | Noticed Duvessa
  5152 | D:6      | Killed Duvessa
  5152 | D:6      | Reached skill level 7 in Unarmed Combat
  5153 | D:6      | Killed Dowan
  5187 | D:6      | Killed Crazy Yiuf
  5540 | D:7      | Found a staircase to the Ecumenical Temple.
  5690 | D:8      | Reached skill level 5 in Armour
  5729 | D:8      | Found a sacrificial altar of Ru.
  5753 | D:8      | Found a sand-covered staircase.
  5763 | D:8      | Reached ***** piety under Uskayaw
  5766 | D:8      | Reached skill level 8 in Unarmed Combat
  5766 | D:8      | Reached skill level 5 in Invocations
  5777 | Ossuary  | Entered an ossuary
  6077 | D:8      | Found a stormy altar of Qazlal.
  6253 | D:8      | Reached XP level 10. HP: 52/53 MP: 14/14
  6483 | D:8      | Found an ancient bone altar of Kikubaaqudgha.
  6532 | D:9      | Found a shadowy altar of Dithmenos.
  6578 | D:9      | Found an ancient bone altar of Kikubaaqudgha.
  6810 | D:9      | Noticed a two-headed ogre
  6828 | D:9      | Killed a two-headed ogre
  6828 | D:9      | Reached skill level 9 in Unarmed Combat
  7478 | D:9      | Noticed a two-headed ogre
  7492 | D:9      | Killed a two-headed ogre
  8055 | D:10     | Entered Level 10 of the Dungeon
  8060 | D:10     | Noticed a gargoyle
  8076 | D:10     | Killed a gargoyle
  8076 | D:10     | Reached XP level 11. HP: 52/58 MP: 16/16
  8119 | D:10     | Noticed Fannar
  8133 | D:10     | Killed from afar by Fannar

Illustrated notes

Levels and vault maps discovered:
D:1:      eino_arrival_water_cross, layout_basic
D:2:      layout_loops_ring, lemuel_crystal_altar,
          eat_drink_and_be_merry_uskayaw, first_ration,
          corexii_item_surrounded_by_moat
D:3:      layout_loops_ring, lemuel_doored_altar
D:4:      layout_loops_ring, serial_undead, serial_undead_c, serial_undead_a,
          serial_undead_c, serial_undead_a
D:5:      layout_basic, chequers_temple_overflow_statue_of_worship,
          ebering_ghost_gozag, corexii_checkpoint_a
D:6:      layout_basic, kennysheep_mini, uniq_sigmund, uniq_duvessa,
          uniq_crazy_yiuf_cottage, uniq_maggie
D:7:      layout_rooms, minmay_temple_entry_statues_pillars
D:8:      layout_gridville, marbit_many_paths, lemuel_crystal_altar,
          overflow_temple_1_default, lightli_ossuary_entry_decrepit_ruins
D:9:      layout_stronghold, lemuel_crystal_altar, grunt_ogre_cave,
          tgw_kikubaaqudgha
D:10:     layout_basic, minivault_16, hex_tiny, uniq_josephine, uniq_fannar,
          uniq_psyche

Skill      XL: |  1  2  3  4  5  6  7  8  9 10 |
---------------+-------------------------------+-----
Fighting       | 3 4 5 6 |  6.7
Shields        | 3 4 5 6 |  6.7
Unarmed Combat | 3 4 5 6 8 9 |  9.9
Armour         | 3 4 5 6 |  6.2
Invocations    | 1 2 3 4 5 6 |  6.4

Action                   |  1- 3 |  4- 6 |  7- 9 | 10-12 || total
-------------------------+-------+-------+-------+-------++-------
Melee: Unarmed           |   123 |   203 |   437 |   208 ||   971
       Bite              |    40 |    68 |   165 |    73 ||   346
Invok: Stomp             |       |     1 |     2 |     1 ||     4
       Line Pass         |       |       |       |     1 ||     1
  Use: Scroll            |       |     7 |     6 |     2 ||    15
 Stab: Paralysed         |       |     5 |    19 |    21 ||    45
  Eat: Chunk             |       |     6 |    11 |     7 ||    24
       Ration            |       |       |     2 |       ||     2
Armor: Scale mail        |    44 |    25 |       |       ||    69
       Plate armour      |       |    90 |   241 |    77 ||   408
Dodge: Dodged            |    48 |    42 |    43 |    37 ||   170
Block: Kite shield       |    44 |   119 |   219 |   108 ||   490
